 Dungeon Crawl Stone Soup version 0.19-a0-27-g415f530 (webtiles) character file.

11 Duffy the Insei (level 2, 21/21 HPs)
             Began as a Demonspawn Transmuter on May 1, 2016.
             Quit the game on level 1 of the Dungeon.
             The game lasted 00:00:39 (585 turns).

Duffy the Insei (Demonspawn Transmuter)              Turns: 585, Time: 00:00:39

Health: 21/21      AC:  3    Str: 10    XL:     2   Next: 13%
Magic:  5/5        EV: 12    Int: 14    God:
Gold:   30         SH:  0    Dex: 13    Spells: 1 memorised, 4 levels left

rFire  . . .     SeeInvis .       - Unarmed
rCold  . . .     Gourm    .     b - +0 robe
rNeg   . . .     Faith    .     (no shield)
rPois  .         Spirit   .     e - +0 helmet
rElec  .         Dismiss  .     (no cloak)
rCorr  .         Reflect  .     (no gloves)
SustAt .         Harm     .     (no boots)
MR     .....                    (no amulet)
Stlth  +.........               (no ring)
                                (no ring)

@: not resistant to hostile enchantments, very unstealthy
A: claws 1
a: no special abilities


You were on level 1 of the Dungeon.
You were not hungry.

You visited 1 branch of the dungeon, and saw 1 of its levels.

You collected 30 gold pieces.


Innate Abilities, Weirdness & Mutations

You have sharp fingernails.


   Skills:
 - Level 1.0 Fighting
 - Level 1.7 Dodging
 + Level 3.0 Unarmed Combat
 - Level 2.0 Spellcasting
 - Level 2.2 Transmutations


You had 4 spell levels left.
You knew the following spells:

 Your Spells              Type           Power        Failure   Level  Hunger
a - Beastly Appendage     Trmt           #.....       12%         1    ##.....

Inventory:

Missiles
 a - 12 arrows
Armour
 b - a +0 robe (worn)
 e - a +0 helmet (worn)
Scrolls
 g - a scroll of teleportation {unknown}
 h - a scroll of recharging {unknown}
Potions
 f - a potion of curing {unknown}
Books
 c - a book of Changes
Comestibles
 d - a bread ration

Dungeon Overview and Level Annotations

Branches:
Dungeon (1/15)

Altars:


Message History

You are too injured to fight recklessly!
You are too injured to fight recklessly!
You hit the ooze.
You kill the ooze!
Your Unarmed Combat skill increases to level 3!
You have reached level 2!
Your demonic ancestry asserts itself...
Your fingernails lengthen.
HP restored.
Found a robe.
A bat comes into view.
A bat is nearby!
The bat misses you.
You claw the bat!
You kill the bat!
No target in view!
No target in view!
No target in view!
No target in view!
No target in view!
h - a scroll labeled OPOG NUAFUCKA You open the door.
There is an open door here.
You open the door.
A rat comes into view.
Found 3 gold pieces.
A rat is nearby!
You scratch the rat.
The rat is severely wounded.
The rat closely misses you.
You scratch the rat.
You kill the rat!
No target in view!
No target in view!
No target in view!
No target in view!
No target in view!
No target in view!
No target in view!
No target in view!
You now have 14 gold pieces (gained 3).
You now have 21 gold pieces (gained 7).
You now have 30 gold pieces (gained 9).
As you open the door, it creaks loudly!
A rat comes into view.
A rat is nearby!
Found a stone staircase leading down.
There is an open door here.
Autopickup is now off.
Are you sure you want to abandon this character and quit the game? (Confirm with "yes".)

##.....+.... .......
#......###.# .......
#......# #.# .......
#.####.# #.# ....... #.#
##.###.# .......
#+###.###....... .......
#..........#.###
.......##..........#.#
>.....r@...........#.###
.......#................
########................
#......###.#....###
##.....###.#.##.#
####.............###
.........#####.##....
########.#.###.######
#.......#


You could see a rat.

Action                   || total
-------------------------++-------
Melee: Unarmed           ||    35
Armor: Robe              ||     6
Dodge: Dodged            ||    18

Notes
Turn   | Place    | Note
--------------------------------------------------------------
     0 | D:1      | Duffy the Demonspawn Transmuter began the quest for the Orb.
     0 | D:1      | Reached XP level 1. HP: 15/15 MP: 3/3
   120 | D:1      | Reached skill level 2 in Transmutations
   240 | D:1      | Reached skill level 3 in Unarmed Combat
   240 | D:1      | Gained mutation: You have sharp fingernails. [demonic ancestry]
   240 | D:1      | Reached XP level 2. HP: 8/21 MP: 5/5
   585 | D:1      | Quit the game

Skill      XL: |  1 |
---------------+----+-----
Transmutations | 2 |  2.2
Unarmed Combat | 3 |  3.0
Fighting       | |  1.0
Dodging        | |  1.7
Spellcasting   | |  2.0

Vault maps used:
D:1:      roderic_crossed_star

Vanquished Creatures
  An ooze
  A bat
  A giant cockroach
  A kobold
  4 rats
8 creatures vanquished.
